 Dungeon Crawl Stone Soup version 0.25-a0-289-g406d6369f5 (webtiles) character file.

Game seed: 10380583553437669709, levelgen mode: deterministic

3826 RedPan the Chiller (level 9, -1/71 HPs)
             Began as a Purple Draconian Ice Elementalist on Dec 12, 2019.
             Was an Initiate of Sif Muna.
             Slain by an orc warrior
             ... wielding a +0 short sword
              (8 damage)
             ... on level 9 of the Dungeon on Dec 13, 2019.
             The game lasted 00:30:27 (9965 turns).

RedPan the Chiller (DrIE)                           Turns: 9965, Time: 00:30:28

Health: -1/71      AC:  8    Str: 10    XL:     9   Next: 97%
Magic:  5/18       EV: 15    Int: 19    God:    Sif Muna [......]
Gold:   512        SH:  0    Dex: 12    Spells: 11/20 levels left

rFire    + . .     SeeInvis .   t - +3 spear (freeze)
rCold    . . .     Gourm    .   (no shield)
rNeg     . . .     Faith    .   (armour unavailable)
rPois    .         Spirit   .   k - +0 hat
rElec    .         Reflect  .   r - +0 cloak
rCorr    +         Harm     .   (no gloves)
MR       +....                  (no boots)
Stlth    ++........             (no amulet)
HPRegen  0.21/turn              g - ring of resist corrosion
MPRegen  0.16/turn              a - ring of protection from fire

@: very slightly contaminated
A: breathe power, unfitting armour, cold-blooded, AC +7
a: Breathe Dispelling Energy, Renounce Religion


You were on level 9 of the Dungeon.
You worshipped Sif Muna.
Sif Muna was noncommittal.
You were very hungry.

You visited 2 branches of the dungeon, and saw 10 of its levels.

You collected 512 gold pieces.

Inventory:

Hand Weapons
 d - a +2 quarterstaff of protection
 o - a +2 short sword of venom
 s - a +0 bardiche of freezing
 t - a +3 spear of freezing (weapon)
Armour
 k - a +0 hat (worn)
 r - a +0 cloak (worn)
Jewellery
 a - a ring of protection from fire (right hand)
 g - a ring of resist corrosion (left hand)
Wands
 m - a wand of scattershot (10)
 q - a wand of digging (4)
 x - a wand of flame (18)
 y - a wand of iceblast (7)
Scrolls
 c - 9 scrolls of remove curse
 h - 2 scrolls of blinking
 j - 5 scrolls of amnesia
 p - 5 scrolls of teleportation
 u - 3 scrolls of identify
 w - a scroll of fear
Potions
 e - 3 potions of lignification
 f - 2 potions of cancellation
 i - 3 potions of curing
 l - a potion of invisibility
 n - 2 potions of haste
 v - a potion of ambrosia
 z - a potion of berserk rage
Comestibles
 b - 5 rations


   Skills:
 - Level 4.0 Fighting
 + Level 3.5 Polearms
 + Level 7.0 Dodging
 - Level 1.7 Stealth
 - Level 6.0 Spellcasting
 + Level 3.5 Conjurations
 - Level 4.0 Summonings
 - Level 7.0 Ice Magic
 + Level 3.7 Invocations
 - Level 4.0 Evocations


You had 11 spell levels left.
You knew the following spells:

 Your Spells              Type           Power        Failure   Level  Hunger
a - Freeze                Ice            ####         1%          1    None
b - Summon Ice Beast      Ice/Summ       ####....     12%         4    ####...
c - Hailstorm             Conj/Ice       ####....     13%         4    ####...

Your spell library contained the following spells:

 Spells                   Type           Power        Failure   Level  Hunger
 Magic Dart               Conj           ###.         2%          1    None
 Ozocubu's Armour         Chrm/Ice       ###.....     8%          3    ##.....


Dungeon Overview and Level Annotations

Branches:
Dungeon (9/15)             Temple (1/1) D:4
   Lair: D:8-11         Orc: D:9-12

Altars:
Ashenzari
Cheibriados
Dithmenos
Elyvilon
Fedhas
Gozag
Hepliaklqana
Kikubaaqudgha
Makhleb
Nemelex Xobeh
Okawaru
Qazlal
Sif Muna
Trog
Vehumet
Wu Jian
Xom
Yredelemnul
Zin
The Shining One

Shops:
D:5 (

Annotations:
D:2 exclusion: oklob plant


Innate Abilities, Weirdness & Mutations

You can breathe bolts of dispelling energy.
Your rich purple scales are hard. (AC +7)
You cannot fit into any form of body armour.
You are cold-blooded and may be slowed by cold attacks.


Message History

Aim: an orc warrior, wielding a +0 short sword and wearing a +0 chain mail
Okay, then.
Evoke which item? (* to show all) (? for menu, Esc to quit)
Aiming: Scattershot
Press: ? - help, Shift-Dir - straight line, f/p - orc warrior
Aim: an orc warrior, wielding a +0 short sword and wearing a +0 chain mail
Okay, then.
Your ice beast hits the orc warrior but does no damage.
Evoke which item? (* to show all) (? for menu, Esc to quit)
Aiming: Iceblast
Press: ? - help, Shift-Dir - straight line, p - orc warrior The mass of ice explodes!
The iceblast engulfs the orc warrior!!
The orc warrior is severely wounded.
You hear a loud, deep croak!
You hear a shout!
The orc warrior hits you with a +0 short sword!!
* * * LOW HITPOINT WARNING * * *
You feel better.
Your ice beast hits the orc warrior but does no damage.
The orc warrior hits you with a +0 short sword!
You die...

.... .... #+##
.).. #..+ )..
#<.# #..
#..#####..
.###..##o@.......
.......Y........#
....>............
###...##.........
#... #.F.......
#... #.........
.... #.........
.#.. #.........
#........


You could see an orc warrior, a bullfrog and a friendly ice beast.

Vanquished Creatures
  Gastronok (D:8)
  Maurice (D:8)
  Psyche (D:8)
  A hungry ghost (D:7)
  A water moccasin (D:6)
  An ogre (D:3)
  A bullfrog (D:8)
  3 wights (D:7)
  6 crimson imps
  A bullfrog zombie (D:5)
  2 centaur zombies
  2 bullfrog skeletons
  A jelly (D:8)
  2 human zombies (D:7)
  3 orc wizards (D:8)
  Crazy Yiuf (D:5)
  A human skeleton (D:7)
  9 worker ants
  A killer bee zombie (D:6)
  3 hound skeletons
  9 adders
  A shadow imp (D:7)
  An ooze (D:4)
  5 worms
  2 dart slugs (D:1)
  7 leopard geckos
  15 orcs
  4 giant cockroaches
  11 goblins
  8 hobgoblins
  7 jackals (D:3)
  11 kobolds
  4 quokkas
  A ball python (D:1)
  4 bats
  3 frilled lizards
  A quokka skeleton (D:4)
  13 rats
  A fungus (D:5)
150 creatures vanquished.

Vanquished Creatures (collateral kills)
  Grinder (D:5)
  Sigmund (D:4)
  A hungry ghost (D:7)
  Duvessa (D:6)
  2 phantoms
  3 ogres
  2 bullfrogs (D:7)
  A scorpion (D:6)
  Dowan (D:6)
  3 orc wizards
  A quasit (D:6)
  A hound (D:4)
  4 human zombies (D:7)
  3 orc priests
  An iguana (D:6)
  5 worker ants
  2 mummies (D:7)
  An adder (D:7)
  A shadow imp (D:7)
  10 orcs
45 creatures vanquished.

Grand Total: 195 creatures vanquished

Notes
Turn   | Place    | Note
-------+----------+-------------------------------------------
     0 | D:1      | RedPan the Draconian Ice Elementalist began the quest for
                  | the Orb.
     0 | D:1      | Reached XP level 1. HP: 14/14 MP: 3/3
   378 | D:1      | Reached XP level 2. HP: 20/20 MP: 5/5
  1065 | D:1      | Reached XP level 3. HP: 23/26 MP: 2/7
  1613 | D:2      | Found a glowing golden altar of the Shining One.
  1775 | D:2      | Found a blossoming altar of Fedhas.
  1788 | D:2      | Noticed an oklob plant
  2254 | D:3      | Reached XP level 4. HP: 33/33 MP: 6/8
  2278 | D:2      | Learned a level 4 spell: Summon Ice Beast
  2283 | D:2      | Learned a level 4 spell: Hailstorm
  2331 | D:3      | Reached skill level 5 in Ice Magic
  2350 | D:3      | Reached skill level 1 in Summonings
  2350 | D:3      | Reached XP level 5. HP: 28/38 MP: 1/10
  3147 | D:4      | Noticed Sigmund
  3151 | D:4      | Noticed an ogre
  3156 | D:4      | Killed Sigmund
  3169 | D:3      | Killed an ogre
  3169 | D:3      | Reached XP level 6. HP: 30/45 MP: 0/12
  3348 | D:4      | Found a staircase to the Ecumenical Temple.
  3525 | Temple   | Entered the Ecumenical Temple
  4089 | D:4      | Your scales start taking on a rich purple colour.
  4089 | D:4      | Reached skill level 5 in Spellcasting
  4089 | D:4      | Reached XP level 7. HP: 17/50 MP: 6/15
  4530 | D:5      | Entered Level 5 of the Dungeon
  4628 | D:5      | Noticed Grinder
  4631 | D:5      | Paralysed by Grinder for 2 turns
  4637 | D:5      | Killed Grinder
  4637 | D:5      | Reached skill level 1 in Evocations
  4755 | D:5      | Found Raqonupp's Antique Weapon Boutique.
  5457 | D:5      | Found a runed translucent door.
  5458 | D:5      | Noticed Crazy Yiuf
  5470 | D:5      | Killed Crazy Yiuf
  5470 | D:5      | Reached skill level 1 in Fighting
  5922 | D:6      | Found a shimmering altar of Xom.
  5925 | D:6      | Found a white marble altar of Elyvilon.
  5928 | D:6      | Found an iron altar of Okawaru.
  5988 | D:6      | Reached XP level 8. HP: 59/59 MP: 12/17
  6028 | D:6      | Noticed Duvessa
  6031 | D:6      | Noticed Dowan
  6041 | D:6      | Killed Dowan
  6043 | D:6      | Killed Duvessa
  6851 | D:7      | Found a shadowy altar of Dithmenos.
  7751 | D:7      | Reached skill level 5 in Dodging
  7776 | D:7      | Upgraded the game from 0.25-a0-287-g56a5b49892 to
                  | 0.25-a0-289-g406d6369f5
  7843 | D:7      | Found a basalt altar of Yredelemnul.
  7850 | D:7      | Reached XP level 9. HP: 71/71 MP: 6/18
  8696 | D:8      | Found a radiant altar of Vehumet.
  8696 | D:8      | Found an ancient bone altar of Kikubaaqudgha.
  8697 | D:8      | Found a shimmering blue altar of Sif Muna.
  8711 | D:8      | Identified Vehumet's Handbook of Battle Magic
  8723 | D:8      | Became a worshipper of Sif Muna the Loreminder
  8785 | D:8      | Noticed Psyche
  8796 | D:8      | Killed Psyche
  8796 | D:8      | Reached skill level 1 in Polearms
  8796 | D:8      | Reached skill level 1 in Conjurations
  8796 | D:8      | Reached skill level 1 in Invocations
  9211 | D:8      | Noticed Maurice
  9221 | D:8      | Killed Maurice
  9287 | D:8      | Noticed Gastronok
  9298 | D:8      | HP: 2/71 [Gastronok/the air (17)]
  9323 | D:8      | Killed Gastronok
  9649 | D:8      | Found a snail-covered altar of Cheibriados.
  9964 | D:9      | HP: 2/71 [orc warrior/+0 short sword (20)]
  9965 | D:9      | Slain by an orc warrior

Levels and vault maps discovered:
D:1:      lightli_molten_gateway, layout_basic
D:2:      layout_rooms, tso_metal_star, tgw_fedhas, first_ration,
          minmay_tetromino_l2
D:3:      layout_rooms
D:4:      layout_rooms, minmay_temple_entry_crystal_x, st_stairs_9, uniq_sigmund
D:5:      layout_gridville, serial_shops, shop, uniq_crazy_yiuf_cottage,
          uniq_grinder
D:6:      layout_loops_ring, grunt_temple_overflow_diamond, uniq_duvessa
D:7:      layout_basic, lemuel_mausoleum_altar_yredelemnul,
          nicolae_dithmenos_the_darkroom, kennysheep_generic_room_8
D:8:      layout_basic, grunt_temple_overflow_magic_moments,
          kennysheep_little_box, uniq_maurice, uniq_psyche, uniq_gastronok
D:9:      layout_gridville, lemuel_round_altar, kennysheep_mini_moat
Temple:   nicolae_temple_figure_zero

Skill      XL: |  1  2  3  4  5  6  7  8  9 |
---------------+----------------------------+-----
Spellcasting   | 3 4 5 6 |  6.0
Ice Magic      | 5 6 7 |  7.0
Summonings     | 1 2 3 4 |  4.0
Evocations     | 2 4 |  4.0
Dodging        | 2 5 7 |  7.0
Fighting       | 1 4 |  4.0
Polearms       | 3 |  3.5
Conjurations   | 3 |  3.5
Invocations    | 3 |  3.7
Stealth        | |  1.7

Action                   |  1- 3 |  4- 6 |  7- 9 || total
-------------------------+-------+-------+-------++-------
Melee: Whip              |    11 |       |       ||    11
       Tailslap          |     7 |     5 |    36 ||    48
       Spear             |    49 |    22 |   337 ||   408
       Short sword       |       |    56 |    20 ||    76
       Quarterstaff      |       |       |     4 ||     4
 Cast: Freeze            |    47 |    62 |    27 ||   136
       Summon Ice Beast  |       |     4 |    57 ||    61
Evoke: Wand              |       |       |     1 ||     1
  Use: Scroll            |     4 |     8 |     7 ||    19
       Potion            |       |       |     2 ||     2
 Stab: Sleeping          |     7 |     2 |    16 ||    25
       Distracted        |       |     2 |     5 ||     7
  Eat: Chunk             |     4 |     5 |    20 ||    29
       Ration            |       |       |     3 ||     3
Armor: Skin              |    23 |    40 |    74 ||   137
Dodge: Dodged            |    53 |    81 |   165 ||   299

Table legend:
 A = Non-vault XP
 B = Vault XP
 C = Vault XP percentage of total XP
 D = Non-vault monster count
 E = Vault monster count
 F = Vault count percentage of total count
                 A         B        C        D         E       F
            +---------+---------+-------+---------+---------+-------
      Total |    2754 |    2712 |  49.6 |     169 |      25 |  12.9
            +---------+---------+-------+---------+---------+-------
        D:1 |      50 |       0 |   0.0 |      22 |       0 |   0.0
        D:2 |      43 |       3 |   6.5 |      23 |       2 |   8.0
        D:3 |     266 |       0 |   0.0 |      35 |       0 |   0.0
        D:4 |     361 |     151 |  29.5 |      17 |       3 |  15.0
        D:5 |     178 |     241 |  57.5 |       7 |       2 |  22.2
        D:6 |     407 |     137 |  25.2 |      16 |       2 |  11.1
        D:7 |     921 |     404 |  30.5 |      24 |      13 |  35.1
        D:8 |     406 |    1776 |  81.4 |      19 |       3 |  13.6
        D:9 |     122 |       0 |   0.0 |       6 |       0 |   0.0
            +---------+---------+-------+---------+---------+-------
